 Dungeon Crawl Stone Soup version 0.28.0-53-g5a82cb258f (webtiles) character file.

Game seed: 17278402523042479295

72 styxcanada the Sneak (level 4, -2/23 HPs)
             Began as a Spriggan Brigand on Aug 12, 2022.
             Slain by a gnoll
             ... wielding a +0 flail of protection
              (10 damage)
             ... on level 2 of the Dungeon.
             The game lasted 00:05:20 (1802 turns).

styxcanada the Sneak (Spriggan Brigand)             Turns: 1802, Time: 00:05:21

Health: -2/23      AC:  3    Str:  7    XL:     4   Next: 7%
Magic:  5/5        EV: 17    Int: 12    God:
Gold:   58         SH:  0    Dex: 18    Spells: 3/3 levels left

rFire   . . .      SeeInvis +   a - +2 dagger
rCold   . . .      Faith    .   (no shield)
rNeg    . . .      Spirit   .   b - +0 robe
rPois   .          Reflect  .   (helmet restricted)
rElec   .          Harm     .   c - +0 cloak
rCorr   .          Rampage  .   (gloves unavailable)
Will    .....                   (boots unavailable)
Stlth   ++++......              (no amulet)
HPRegen 0.07/turn               (no ring)
MPRegen 0.09/turn               (no ring)

@: very quick
A: very small, no large weapons, unfitting armour, see invisible, speed 3
a: no special abilities


You were on level 2 of the Dungeon.
You visited 1 branch of the dungeon, and saw 2 of its levels.

You collected 58 gold pieces.

Inventory:

Hand Weapons
 a - a +2 dagger (weapon)
Missiles
 d - 2 poisoned darts (quivered)
 e - 2 curare-tipped darts
 f - 23 stones
Armour
 b - a +0 robe (worn)
 c - a +0 cloak (worn)
 j - a scarf of harm
Scrolls
 h - a scroll of noise {unknown}
Potions
 g - a potion of heal wounds {unknown}
 i - a potion of curing {unknown}


   Skills:
 * Level 1.8 Fighting
 + Level 2.5 Short Blades
 + Level 2.1 Throwing
 * Level 2.1 Dodging
 * Level 7.7 Stealth


You had 3 spell levels left.
You didn't know any spells.
Your spell library contained the following spells:

 Spells                   Type           Power      Damage    Failure   Level
 Frozen Ramparts          Ice            0%         1d2       69%         3
 Ice Form                 Ice/Tmut       0%         N/A       97%         4
 Summon Ice Beast         Ice/Summ       0%         N/A       97%         4


Dungeon Overview and Level Annotations

Branches:
Dungeon (2/15)

Altars:


Innate Abilities, Weirdness & Mutations

You are very small and have problems with some larger weapons.
You are too small for most types of armour.
You have supernaturally acute eyesight. (SInv)
You cover ground extremely quickly. (Speed+++)


Message History

A ball python comes into view.
The quokka completely misses you. The quokka misses you.
You closely miss the quokka.
The quokka is heavily wounded.
A rat comes into view.
The quokka closely misses you.
You hit the quokka.
You kill the quokka!
Throw: 4 darts (poison)
Press: ? - help, Q - select action, (/) - cycle Shift-Dir - straight line, f - gnoll
Aim: a gnoll, wielding a +0 flail of protection (65% to hit)
You throw a poisoned dart. The poisoned dart hits the gnoll.
The gnoll is poisoned.
The gnoll closely misses you.
You see here a +0 flail.
Throw: 3 darts (poison)
Press: ? - help, Q - select action, (/) - cycle Shift-Dir - straight line, f/p - gnoll
Aim: a gnoll, wielding a +0 flail of protection (moderately wounded, poisoned, 65% to hit)
You throw a poisoned dart.
The poisoned dart closely misses the gnoll.
The gnoll looks more healthy.
You hit the gnoll.
The gnoll is heavily wounded.
The gnoll completely misses you.
You hit the gnoll but do no damage.
The gnoll is heavily wounded.
The gnoll misses you.
You hit the gnoll but do no damage.
The gnoll is heavily wounded.
The gnoll misses you.
You hit the gnoll but do no damage.
The gnoll is heavily wounded.
The gnoll hits you with a +0 flail of protection!
You hit the rat.
You kill the rat!
The gnoll closely misses you.
You barely miss the gnoll.
The gnoll is heavily wounded.
The gnoll hits you with a +0 flail of protection!
You die...

#..... #†####.## #.........
#.....#.#.....# #.........
#...##S##...### ##........
#...#†#w....## ##..†..#.
#.##K##..##((######....#..###
#.#.#...###...#.....####.##
#.###..## ##w...### ###.#
#.....## #g†....# #...#
###>.#### ####@####..###.###
#...## #.....# #.....# ##..g#
#.###.# ###...### #....# #
##.#### ##....#### #....#
#.....# #.##..... #.##.#
#.....# #.######. ... #.#
#.....# #.# ## ## #.# #.....#
..# # #.## #.....###.## #


You could see a worm and a gnoll.

Vanquished Creatures
  2 gnolls (D:2)
  An adder (D:2)
  A worm (D:2)
  5 endoplasms
  3 giant cockroaches
  3 goblins
  2 hobgoblins
  4 jackals
  A quokka (D:2)
  3 ball pythons
  2 bats (D:2)
  3 frilled lizards
  5 kobolds (D:1)
  5 rats
40 creatures vanquished.

Notes
Turn   | Place    | Note
-------+----------+-------------------------------------------
     0 | D:1      | styxcanada the Spriggan Brigand began the quest for the
                  | Orb.
     0 | D:1      | Reached XP level 1. HP: 10/10 MP: 2/2
    35 | D:1      | Reached skill level 6 in Stealth
   698 | D:1      | Reached XP level 2. HP: 13/14 MP: 3/3
  1246 | D:1      | Reached skill level 7 in Stealth
  1539 | D:2      | Reached XP level 3. HP: 18/18 MP: 4/4
  1752 | D:2      | Reached XP level 4. HP: 13/23 MP: 5/5
  1802 | D:2      | Slain by a gnoll

Illustrated notes

Levels and vault maps discovered:
D:1:      amcnicky_arrival_flooded_fountain, layout_loops_ring
D:2:      layout_rooms, minmay_vboxes

Skill      XL: |  1  2  3 |
---------------+----------+-----
Stealth        | 6 7 |  7.7
Dodging        | 2 |  2.1
Fighting       | |  1.8
Short Blades   | |  2.5
Throwing       | |  2.1

Action                   |  1- 3 |  4- 6 || total
-------------------------+-------+-------++-------
Melee: Dagger            |    80 |    11 ||    91
Throw: Dart              |    20 |     2 ||    22
 Stab: Sleeping          |    17 |       ||    17
Armor: Robe              |     9 |       ||     9
Dodge: Dodged            |    42 |     9 ||    51
